Map: Bel'Shir Vestige LE (Void)

Players

iAsonu - Winner!

  • Race: Zerg Zerg
  • Spawn Location: 11:00

SpeCial

  • Race: Terran Terran
  • Spawn Location: 5:00

Event: WCS Austin 2017

VOD

Have the link to the VOD?

Description

Time

  • Played on: April 29, 2017, 12:26 p.m.
  • Length: 12:07

All games in this series

Show
View Real Time Build Order
Export as new Build Order

iAsonu Zerg - Winner!

Build Orders: Hatch First, Muta Ling Bane 

Get SALT Encoding   

  12  0:01  Drone  
  13  0:13  Overlord  
  13  0:17  Drone  
  14  0:31  Drone x2  
  14  0:35  Drone  
  17  0:51  Hatchery  
  17  0:54  Drone  
  17  0:57  Drone  
  18  1:08  Extractor  
  17  1:12  Spawning Pool  
  17  1:14  Drone  
  17  1:18  Drone  
  18  1:29  Drone  
  19  1:39  Overlord  
  19  1:50  Drone  
  20  1:59  Queen  
  20  2:01  Zergling x2  
  23  2:02  Queen  
  23  2:03  Zergling x2  
  26  2:08  Metabolic Boost  
  26  2:11  Drone  
  26  2:14  Drone  
  28  2:23  Drone  
  29  2:30  Drone  
  29  2:35  Hatchery  
  30  2:37  Drone  
  30  2:38  Drone  
  31  2:45  Queen  
  31  2:49  Overlord  
  33  2:52  Drone  
  34  2:59  Drone x2  
  36  3:10  Drone x2  
  38  3:15  Drone  
  38  3:16  Drone  
  38  3:17  Drone x4  
  44  3:25  Overlord  
  43  3:33  Overlord  
  43  3:40  Roach Warren  
  43  3:41  Zergling x2  
  43  3:42  Queen  
  43  3:45  Zergling x4  
  47  3:49  Zergling x4  
  47  3:54  Zergling x4  
  51  3:57  Drone x4, Extractor  
  51  3:58  Extractor  
  51  4:01  Drone x2  
  55  4:09  Overlord  
  55  4:15  Drone  
  56  4:19  Overlord  
  56  4:23  Roach  
  56  4:24  Roach x4  
  64  4:33  Overlord  
  64  4:35  Drone, Roach x2  
  69  4:40  Roach  
  71  4:46  Zergling x4  
  73  4:58  Zergling x2  
  73  4:59  Zergling x10  
  79  5:03  Overlord  
  79  5:06  Zergling x2  
  80  5:12  Overlord  
  80  5:13  Ravager  
  82  5:14  Ravager x2  
  82  5:15  Ravager  
  82  5:16  Drone, Zergling x2  
  82  5:19  Overlord  
  85  5:24  Ravager  
  85  5:25  Zergling x4  
  85  5:26  Zergling x4  
  90  5:35  Zergling x8  
  91  5:42  Zergling x4  
  84  5:47  Zergling x6  
  84  5:48  Zergling x6  
  77  5:51  Lair  
  77  5:52  Evolution Chamber  
  77  5:53  Drone  
  77  5:54  Evolution Chamber  
  77  5:56  Drone  
  77  5:57  Ravager  
  77  5:59  Drone  
  77  6:03  Drone  
  78  6:05  Drone x2  
  78  6:08  Drone x2  
  80  6:12  Drone  
  80  6:14  Drone  
  80  6:15  Drone x2  
  80  6:17  Drone  
  77  6:19  Drone x2  
  77  6:21  Drone x2  
  77  6:23  Drone  
  82  6:30  Drone x2  
  82  6:31  Zerg Ground Armor Level 1  
  82  6:32  Drone, Zerg Melee Weapons Level 1  
  84  6:33  Drone  
  84  6:34  Drone x2  
  84  6:38  Drone, Extractor  
  84  6:39  Extractor  
  86  6:40  Extractor  
  86  6:41  Roach x3  
  86  6:45  Drone  
  86  6:46  Baneling Nest  
  86  6:47  Drone x3  
  94  6:54  Drone x2  
  94  6:55  Drone  
  94  6:59  Spire  
  94  7:08  Drone x2  
  94  7:12  Spore Crawler  
  94  7:14  Drone  
  94  7:15  Drone x3  
  96  7:20  Drone x2  
  96  7:21  Queen  
  98  7:24  Overlord  
  98  7:26  Zergling x8  
  98  7:27  Hatchery  
  101  7:31  Centrifical Hooks  
  101  7:38  Zergling x10  
  106  7:45  Overlord  
  106  7:55  Zergling x12  
  105  8:08  Zergling x6  
  108  8:13  Mutalisk x7  
  108  8:18  Baneling x4  
  108  8:19  Baneling  
  122  8:22  Mutalisk  
  124  8:28  Zergling x4  
  124  8:33  Overlord  
  123  8:41  Zergling x10  
  123  8:42  Zergling x6  
  128  8:53  Zerg Ground Armor Level 2, Zerg Melee Weapons Level 2  
  121  8:56  Zergling x16  
  121  8:58  Overlord  
  123  9:04  Zergling x6  
  121  9:10  Zergling x8  
  121  9:16  Zergling x8  
  129  9:18  Hatchery  
  129  9:21  Overseer, Baneling x6  
  128  9:38  Zergling x24  
  131  9:41  Drone  
  137  9:47  Zerg Flyer Weapons Level 1  
  137  9:50  Drone  
  132  9:53  Zergling x12  
  132  9:57  Drone x4  
  142  10:03  Zergling x2  
  142  10:04  Zergling x4  
  137  10:09  Zergling x2  
  137  10:10  Zergling x8  
  137  10:18  Zergling x8  
  121  10:28  Baneling  
  121  10:29  Baneling x11  
  121  10:30  Mutalisk x6  
  128  10:38  Drone  
  129  10:45  Mutalisk x4  
  137  10:50  Drone x2  
  136  11:00  Mutalisk  
  128  11:12  Drone, Zergling x8  
  128  11:13  Zergling x14  
  136  11:18  Zergling x12  
  136  11:19  Zergling x4  
  136  11:22  Baneling x4  
  137  11:38  Mutalisk  
  137  11:39  Mutalisk x2  
  140  11:43  Zergling x12  
  140  11:44  Zergling x2  
Show
View Real Time Build Order
Export as new Build Order

SpeCial Terran 

Build Orders: Reaper Expand, MMM Bio 

Get SALT Encoding   

  12  0:00  SCV  
  13  0:12  SCV  
  14  0:17  Supply Depot  
  14  0:25  SCV  
  15  0:29  Refinery  
  15  0:39  SCV  
  16  0:43  Barracks  
  16  0:51  SCV  
  17  1:03  SCV  
  18  1:15  SCV  
  19  1:30  Reaper, Orbital Command  
  20  1:41  Command Center  
  20  1:51  Factory  
  20  1:56  SCV  
  21  2:07  Barracks Reactor  
  22  2:08  SCV  
  22  2:09  Supply Depot  
  22  2:14  Refinery  
  22  2:20  SCV  
  23  2:32  SCV  
  24  2:42  Starport  
  24  2:44  SCV  
  24  2:46  Hellion x2  
  29  2:52  Barracks Tech Lab  
  29  2:53  Orbital Command  
  29  2:57  SCV  
  30  3:08  Hellion x2  
  30  3:09  SCV  
  35  3:19  SCV  
  36  3:20  Medivac  
  36  3:22  SCV  
  39  3:30  Bunker  
  39  3:32  SCV  
  40  3:34  SCV  
  40  3:35  Supply Depot  
  41  3:41  Marine x2  
  41  3:44  SCV  
  41  3:46  SCV  
  45  3:56  SCV  
  45  3:58  Raven, SCV  
  45  4:01  Supply Depot  
  49  4:08  SCV  
  49  4:09  Command Center  
  50  4:11  Marine x2, SCV  
  52  4:20  Factory Tech Lab, SCV  
  52  4:23  SCV  
  54  4:29  Supply Depot, Marine x2  
  56  4:32  SCV  
  56  4:35  SCV  
  58  4:42  Raven  
  58  4:45  SCV  
  61  4:47  SCV  
  61  4:50  Barracks  
  62  4:53  Barracks  
  62  4:55  Engineering Bay  
  62  4:57  Engineering Bay  
  62  4:58  Marine, SCV  
  62  4:59  Stimpack, SCV  
  65  5:04  Refinery  
  65  5:06  Refinery  
  65  5:10  SCV  
  65  5:11  Factory Tech Lab, Bunker, SCV  
  67  5:16  Marine  
  68  5:22  Orbital Command  
  68  5:27  Banshee  
  61  5:39  Marine  
  46  5:43  Siege Tank  
  48  5:50  Marine x3  
  48  5:53  SCV x3  
  48  5:57  Marine  
  54  6:09  Marine x3  
  53  6:14  Marine  
  52  6:23  SCV x3  
  55  6:33  Starport Reactor  
  55  6:35  SCV x3  
  55  6:39  Terran Infantry Armor Level 1, Terran Infantry Weapons Level 1  
  58  6:42  Marine x2  
  58  6:43  Marine  
  58  6:45  Marine  
  58  6:46  Combat Shields  
  62  6:47  SCV x2  
  62  6:51  SCV  
  65  6:59  Supply Depot, Siege Tank, SCV x2  
  70  7:03  Marine  
  71  7:10  Medivac  
  71  7:12  SCV  
  71  7:15  Supply Depot, Marine x3  
  77  7:21  Marine  
  78  7:25  Barracks x2  
  78  7:26  SCV  
  79  7:32  Marine x2  
  79  7:35  Marine  
  82  7:37  Orbital Command  
  82  7:39  SCV x2  
  82  7:41  Supply Depot  
  84  7:45  Marine  
  84  7:47  Siege Tank  
  84  7:48  Medivac x2  
  84  7:50  Marine x2  
  94  7:51  Supply Depot  
  94  7:54  Supply Depot  
  94  7:55  SCV x2  
  96  7:58  Marine  
  97  8:07  Marine, SCV  
  97  8:08  Marine  
  97  8:09  SCV x2  
  102  8:15  Barracks Reactor x2  
  102  8:19  SCV  
  103  8:20  Barracks  
  103  8:21  SCV x2  
  103  8:25  Siege Tank  
  103  8:26  Barracks  
  108  8:27  Marine  
  108  8:28  Marine  
  108  8:32  SCV  
  108  8:33  SCV  
  112  8:38  Marine  
  112  8:40  Marine  
  113  8:45  Marine x2  
  113  8:47  SCV  
  108  8:54  Supply Depot  
  106  8:55  Marine  
  106  8:56  Medivac  
  106  8:58  Marine  
  110  9:03  Marine x2  
  110  9:08  Marine  
  110  9:09  Armory  
  113  9:11  Siege Tank  
  113  9:14  Medivac, Marine  
  113  9:16  Marine  
  114  9:20  Missile Turret  
  112  9:26  Marine x3  
  112  9:30  SCV x2  
  112  9:32  Missile Turret  
  112  9:35  Marine, SCV  
  112  9:37  Marine  
  111  9:42  SCV  
  111  9:43  Marine x2, SCV  
  113  9:47  SCV  
  113  9:49  Marine x2  
  110  9:53  Siege Tank  
  110  9:54  SCV  
  110  9:55  SCV  
  110  9:57  Medivac x2  
  110  9:58  Orbital Command  
  110  9:59  SCV  
  118  10:07  SCV x2  
  120  10:08  Barracks Reactor  
  120  10:13  Marine  
  111  10:19  Marine x2, SCV x2  
  100  10:24  Marine x2  
  100  10:25  Siege Tank, Marine x3  
  100  10:27  Medivac x2  
  111  10:31  Marine  
  111  10:33  SCV x3  
  115  10:37  Marine x2  
  115  10:42  Marine x2  
  119  10:43  Marine x4  
  119  10:45  Marine  
  119  10:48  Marine  
  125  10:55  Marine x2  
  124  11:00  Marine  
  125  11:04  Marine, SCV  
  125  11:05  SCV x2  
  125  11:06  Marine x2  
  125  11:07  Siege Tank  
  125  11:11  Medivac, Marine x2  
  125  11:13  Marine x2  
  125  11:14  Marine  
  125  11:16  Marine  
  124  11:22  Marine x2  
  124  11:23  Supply Depot, Marine  
  124  11:25  Medivac  
  104  11:36  SCV x3  
  104  11:39  Marine x3  
  107  11:40  Marine x2  
Tags
 
Add a new tag
Caveats
  • Supply blocks, unpowered buildings, or Contaminate may cause inaccurate times.
  • Supply counts are checked every 10 seconds.